 Dungeon Crawl Stone Soup version 0.26.0-90-g5fd8617961 (webtiles) character file.

Game seed: 9900126735226798301

49 swilekon the Firebug (level 3, -5/21 HPs)
             Began as an Octopode Fire Elementalist on Feb 3, 2021.
             Killed from afar by Natasha (9 damage)
             ... with a magic dart
             ... on level 2 of the Dungeon.
             The game lasted 00:05:45 (2125 turns).

swilekon the Firebug (Octopode Fire Elementalist)   Turns: 2125, Time: 00:05:46

Health: -5/21      AC:  1    Str:  4 (7)  XL:     3   Next: 77%
Magic:  0/6        EV: 13    Int: 22 (24) God:
Gold:   92         SH:  0    Dex: 10 (12) Spells: 2/6 levels left

rFire    . . .     SeeInvis .   (no weapon)
rCold    . . .     Faith    .   (no shield)
rNeg     . . .     Spirit   .   (helmet restricted)
rPois    .         Reflect  .   (no amulet)
rElec    .         Harm     .   d - +6 ring of intelligence
rCorr    .         Rampage  .   (no ring)
Will     .....                  (no ring)
Stlth    +++.......             (no ring)
HPRegen  0.07/turn              (no ring)
MPRegen  0.10/turn              (no ring)
                                (no ring)
                                (no ring)

@: no status effects
A: almost no armour, stealthy swim, amphibious, 8 rings, constrict 8, camouflage
1, gelatinous body 1
a: no special abilities


You were on level 2 of the Dungeon.
You visited 1 branch of the dungeon, and saw 2 of its levels.

You collected 92 gold pieces.

Inventory:

Jewellery
 d - a +6 ring of intelligence (left tentacle)
Scrolls
 a - 2 scrolls of enchant weapon
Potions
 b - 2 potions of degeneration
 e - a potion of might
 g - a potion of haste


   Skills:
 + Level 2.3 Dodging
 + Level 3.2 Stealth
 + Level 2.2 Spellcasting
 * Level 1.9 Conjurations
 * Level 3.6 Fire Magic


You had 2 spell levels left.
You knew the following spells:

 Your Spells              Type           Power        Failure   Level
a - Foxfire               Conj/Fire      56%          4%          1
b - Inner Flame           Hex/Fire       10%          19%         3

Your spell library contained the following spells:

 Spells                   Type           Power        Failure   Level
 Conjure Flame            Conj/Fire      14%          13%         3
 Sticky Flame             Conj/Fire      14%          38%         4
 Fireball                 Conj/Fire      7%           75%         5


Dungeon Overview and Level Annotations

Branches:
Dungeon (2/15)

Altars:
Trog

Annotations:
D:2 Natasha, Terence


Innate Abilities, Weirdness & Mutations

You cannot wear most types of armour.
You are very stealthy in the water. (Stealth+)
You are amphibious.
You can wear up to eight rings at the same time.
You can use your tentacles to constrict eight enemies at once.
Your skin changes colour to match your surroundings (Stealth+).
Your rubbery body absorbs attacks. (AC +1, EV +1)


Message History

The white imp completely misses you.
Casting: Foxfire (safe; 4% risk of failure)
Confirm with . or Enter, or press ? or * to list all spells.
You conjure some foxfire!
The white imp gestures at you. The puff of frost misses you.
Casting: Foxfire (safe; 4% risk of failure)
Confirm with . or Enter, or press ? or * to list all spells.
Nothing appears to happen.
The foxfire hits the white imp!
The white imp is burned terribly!
You kill the white imp!
The foxfire hits Natasha.
Natasha is heavily wounded.
Your foxfire dissipates!
Natasha casts a spell at you. The magic dart hits you!
* * * LOW HITPOINT WARNING * * *
Natasha casts a spell at you. The magic dart hits you!
You die...

######### #....†..#
#####
###.#####.######...
#...h..........#.###
#
#.#.##@##.####.....#
.# #.##.##.# ###.#.#
.# #5......#
#.#.##.# #.##.####
#......# ......#
#.....## ###.####
##...## ...
#########..### ...
#.....# ##.... ....
#.....####)##.


You could see Natasha.

Vanquished Creatures
  An adder (D:2)
  2 dart slugs (D:1)
  3 leopard geckos
  2 giant cockroaches
  5 hobgoblins
  A ball python (D:1)
  7 bats
  A frilled lizard (D:1)
  3 goblins
  2 kobolds (D:1)
  7 rats
34 creatures vanquished.

Vanquished Creatures (others)
  107 foxfires
107 creatures vanquished.

Grand Total: 141 creatures vanquished

Notes
Turn   | Place    | Note
-------+----------+-------------------------------------------
     0 | D:1      | swilekon the Octopode Fire Elementalist began the quest for
                  | the Orb.
     0 | D:1      | Reached XP level 1. HP: 11/11 MP: 3/3
   318 | D:1      | Reached XP level 2. HP: 17/17 MP: 0/5
  1142 | D:1      | Reached XP level 3. HP: 21/21 MP: 4/6
  1297 | D:1      | Learned a level 3 spell: Inner Flame
  1709 | D:2      | Noticed Terence
  1751 | D:2      | Found a bloodstained altar of Trog.
  2112 | D:2      | Noticed Natasha
  2125 | D:2      | Killed from afar by Natasha

Illustrated notes

Levels and vault maps discovered:
D:1:      minmay_arrival_solitary_statue, layout_loops_ring, serial_aquarium,
          aquarium_bridge_long_joined [aquarium_subvault_bridge,
          aquarium_subvault_wall, aquarium_subvault_window,
          aquarium_subvault_bridge, aquarium_subvault_bridge,
          aquarium_subvault_bridge], aquarium_bridge_island_small
          [aquarium_subvault_small_open, aquarium_subvault_bridge,
          aquarium_subvault_window, aquarium_subvault_bridge,
          aquarium_subvault_wall], aquarium_window_fake, aquarium_window_fake,
          aquarium_window_2, aquarium_view_2d, aquarium_view_2d,
          aquarium_balcony_5b, aquarium_pool_split
D:2:      layout_loops_cross, old_standard_altar, minmay_crystal_room,
          uniq_terence, uniq_sigmund, uniq_natasha

Skill      XL: |  1  2 |
---------------+-------+-----
Stealth        | 3 |  3.2
Dodging        | |  2.3
Spellcasting   | |  2.2
Conjurations   | |  1.9
Fire Magic     | |  3.6

Action                   || total
-------------------------++-------
Melee: Unarmed           ||     3
 Cast: Foxfire           ||    83
  Use: Scroll            ||     4
       Potion            ||     1
Armor: Skin              ||     2
Dodge: Dodged            ||    15
